 Dungeon Sprint DCSS version 0.27.1-3-gb3d3a73c9e (webtiles) character file.

Game seed: 10017198571739247984

4 Eitelfritz the Skirmisher (level 1, 0/18 (20) HPs)
             Began as a Hill Orc Fighter on Oct 22, 2021.
             Slain by a necrophage (4 damage)
             ... in the Dungeon (Sprint IX: "|||||||||||||||||||||||||||||").
             The game lasted 00:00:15 (35 turns).

Eitelfritz the Skirmisher (Hill Orc Fighter)          Turns: 35, Time: 00:00:15

HP:   0/18 (20)     AC:  7    Str: 18    XL:     1   Next: 70%
MP:   1/1           EV:  7    Int:  8    God:
Gold: 0             SH:  9    Dex: 10    Spells: 0/0 levels left

rFire    . . .     SeeInvis .   a - +0 long sword
rCold    . . .     Faith    .   c - +0 kite shield
rNeg     . . .     Spirit   .   b - +0 scale mail
rPois    .         Reflect  .   (no helmet)
rElec    .         Harm     .   (no cloak)
rCorr    .         Rampage  .   (no gloves)
Will     .....     NoTele   +   (no boots)
Stlth    ..........             (no amulet)
HPRegen  0.06/turn              (no ring)
MPRegen  0.07/turn              (no ring)

@: mighty, heavily drained
A: no striking features
a: no special abilities


You were in the Dungeon.
You visited 1 branch

Inventory:

Hand Weapons
 a - a +0 long sword (weapon)
Armour
 b - a +0 scale mail (worn)
 c - a +0 kite shield (worn)
Scrolls
 j - a scroll of blinking
Potions
 e - a potion of curing
 f - a potion of heal wounds
 g - a potion of haste
 h - 2 potions of magic
 i - a potion of berserk rage


   Skills:
 + Level 4.1 Fighting
 + Level 2.3 Long Blades
 + Level 4.1 Armour
 + Level 3.7 Shields


You couldn't memorise any spells.
You didn't know any spells.
Your spell library was empty.

Dungeon Overview and Level Annotations

Branches:
Dungeon (1/1)

Altars:


Message History

The giant cockroach bites you but does no damage.
You closely miss the giant cockroach. You block the giant cockroach's attack.
The giant cockroach bites you but does no damage.
You closely miss the giant cockroach.
You block the giant cockroach's attack. x2
You closely miss the giant cockroach.
The giant cockroach bites you but does no damage.
You barely miss the giant cockroach.
The giant cockroach bites you but does no damage.
You block the giant cockroach's attack.
You hit the giant cockroach.
You kill the giant cockroach!
Your Armour skill increases to level 4!
There is an open door to the Dungeon here.
Things that are here:
a ball python corpse; a rat corpse As you open the door, it creaks loudly!
A water moccasin, a hound, 2 ogres and a necrophage come into view.
The water moccasin hisses angrily.
The hound barks!
The ogre shouts!
You hit the necrophage but do no damage.
The necrophage hits you.
You feel drained.
You completely miss the necrophage. The necrophage hits you.
You block the necrophage's attack.
You completely miss the necrophage.
The hound pauses to sniff the ground.
The necrophage hits you but does no damage.
You hit the necrophage.
The necrophage is lightly damaged.
The necrophage hits you.
The necrophage hits you but does no damage.
You hit the necrophage.
The necrophage is lightly damaged.
The necrophage barely misses you.
You feel very mighty all of a sudden. The necrophage closely misses you.
You hit the necrophage.
The necrophage is moderately damaged.
The necrophage hits you.
* * * LOW HITPOINT WARNING * * *
The necrophage hits you.
You die...

▓+▓
▓.▓
▓S▓
▓h▓
▓O▓
▓O▓
▓n▓
▓@▓
▓.▓
▓.▓
▓.▓
▓.▓
▓†▓
▓.▓
▓.▓
▓.▓


You could see a water moccasin, 2 ogres, a necrophage and a hound.

Vanquished Creatures
  An endoplasm (D)
  A giant cockroach (D)
  A ball python (D)
  2 rats (D)
5 creatures vanquished.

Notes
Turn   | Place    | Note
-------+----------+-------------------------------------------
     0 | D        | Eitelfritz the Hill Orc Fighter began the quest for the
                  | Orb.
     0 | D        | Reached XP level 1. HP: 19/19 MP: 1/1
    28 | D        | Noticed a water moccasin
    28 | D        | Noticed a hound
    28 | D        | Noticed an ogre
    28 | D        | Noticed an ogre
    28 | D        | Noticed a necrophage
    35 | D        | Slain by a necrophage

Illustrated notes

Levels and vault maps discovered:
D:        linesprint [early_d, line_temple, items_1, d_10, items_2, lair_1,
          lair_end, items_3, orc_1, orc_end, items_4, d_15, swamp_1, shoals_1,
          snake_1, spider_1, d_20, vaults_1, items_5, swamp_end, shoals_end,
          snake_end, spider_end, vaults_end, d_27, items_6, zot_1, zot_end,
          crypt_end, forest_end, elf_end, slime_end, tomb_end, abyss_end,
          pan_hell_end]

Skill      XL: |  1 |
---------------+----+-----
Fighting       | 4 |  4.1
Armour         | 4 |  4.1
Long Blades    | |  2.3
Shields        | |  3.7

Action                   || total
-------------------------++-------
Melee: Long sword        ||    24
  Use: Potion            ||     1
Armor: Scale mail        ||    12
Dodge: Dodged            ||     5
Block: Kite shield       ||    17
       Rpst.: Long sword ||     1
